 Dungeon Crawl Stone Soup version 0.27.1-33-g824d729ab1 (webtiles) character file.

Game seed: 3670135936916578472

999 zeram the Cudgeller (level 8, -1/111 HPs)
             Began as a Troll Fighter on Dec 14, 2021.
             Was an Initiate of Gozag.
             Slain by a two-headed ogre (7 damage)
             ... on level 5 of the Dungeon.
             The game lasted 00:08:18 (3847 turns).

zeram the Cudgeller (Troll Fighter)                 Turns: 3847, Time: 00:08:19

Health: -1/111     AC: 24    Str: 25    XL:     8   Next: 0%
Magic:  7/7        EV:  1    Int:  6    God:    Gozag
Gold:   633        SH:  9    Dex:  9    Spells: 7/7 levels left

rFire    . . .     SeeInvis .   j - +1 flail (venom)
rCold    . . .     Faith    .   c - +1 kite shield
rNeg     + + +     Spirit   .   (armour currently unavailable)
rPois    +         Reflect  .   (helmet currently unavailable)
rElec    .         Harm     .   (cloak currently unavailable)
rCorr    .         Rampage  .   (gloves unavailable)
Will     .....     NoTele   +   (boots unavailable)
Stlth    +.........             (no amulet)
HPRegen  1.28/turn              (no ring)
MPRegen  0.10/turn              (no ring)

@: tree-form, unable to read
A: stationary, stasis, torment immunity, boosted hp, large, unfitting armour,
(claws 3), regeneration 1, (shaggy fur 2), (tough skin 1), wild magic 1,
inability to read while threatened
a: Renounce Religion, Potion Petition, Call Merchant, Bribe Branch


You were on level 5 of the Dungeon.
You worshipped Gozag.
Gozag was pleased with you.
You were a tree.
You visited 1 branch of the dungeon, and saw 5 of its levels.

You collected 665 gold pieces.
You paid 32 gold pieces to Gozag.

Inventory:

Hand Weapons
 a - a +1 flail
 g - a +0 mace of holy wrath
 j - a +1 flail of venom (weapon)
Missiles
 l - 5 large rocks (quivered)
Armour
 b - a +0 robe (melded)
 c - a +1 kite shield (worn)
 e - a +0 cloak (melded)
Jewellery
 n - a ring of flight
Wands
 d - a wand of flame (7)
 k - a wand of paralysis (5)
 p - a wand of digging (5)
Scrolls
 f - 2 scrolls of teleportation
 h - a scroll of enchant armour
 i - a scroll of vulnerability
 m - a scroll of identify
 o - 2 scrolls of magic mapping


   Skills:
 - Level 2.4 Fighting
 + Level 7.0 Maces & Flails
 + Level 5.1 Dodging
 - Level 2.4 Shields


You had 7 spell levels left.
You didn't know any spells.
Your spell library was empty.

Dungeon Overview and Level Annotations

Branches:
Dungeon (5/15)
 Temple: D:4-7

Altars:
Gozag
Trog

Shops:
D:1 !


Innate Abilities, Weirdness & Mutations

You are a tree.
Your roots penetrate the ground, keeping you stationary.
You cannot be teleported.
You are immune to unholy pain and torment.
Your maximum health is greatly increased.
Your equipment is partially melded.
You are too large for most types of armour.
((You have claws for hands.))
Your natural rate of healing is unusually fast.
((You are covered in thick fur. (AC +2)))
((You have tough skin. (AC +1)))
Your spells are a little harder to cast, but a little more powerful.
You sometimes lose the ability to read scrolls when taking damage.


Message History

You sock the two-headed ogre!
The two-headed ogre is lightly wounded.
The two-headed ogre hits you with a +0 giant club!!
The two-headed ogre closely misses you.
An orc warrior comes into view. It is wielding a +0 flail.
You can read scrolls again.
The two-headed ogre hits you with a +0 giant club!!
You feel threatened and lose the ability to read scrolls!
The two-headed ogre hits you with a +0 giant spiked club!!
* * * LOW HITPOINT WARNING * * *
You cannot read scrolls in your current state!
It was a potion of lignification.
You turn into a tree.
Your +0 cloak melds into your body.
Your +0 robe melds into your body.
Your roots penetrate the ground.
You hit the two-headed ogre but do no damage.
The two-headed ogre is poisoned.
The two-headed ogre is lightly wounded.
The two-headed ogre hits you with a +0 giant club!
* * * LOW HITPOINT WARNING * * *
You block the two-headed ogre's attack.
Unknown command.
You hit the two-headed ogre.
The two-headed ogre looks as sick as possible!
The two-headed ogre is lightly wounded.
You block the two-headed ogre's attack.
The two-headed ogre hits you but does no damage.
Unknown command.
You thump the two-headed ogre!
The two-headed ogre looks as sick as possible!
The two-headed ogre is moderately wounded.
You block the two-headed ogre's attack.
The two-headed ogre hits you with a +0 giant spiked club.
* * * LOW HITPOINT WARNING * * *
Unknown command.
You thump the two-headed ogre!
The two-headed ogre looks as sick as possible!
The two-headed ogre is moderately wounded.
The two-headed ogre hits you with a +0 giant club!
You die...
Your body crumbles into a pile of gold.

#.#.#.#.##..#
#.######.# #
#.#.#.#.##
#.##.#.## #o#o####
#.##.# $ #
######.#(o# #
#.Oo...##.. #
#♣#####.##########
#.# #...>......#
#.# ###..##.#..#
#.# #.....##.# #.#
#.###.##.# #.# ###
#.# #.##.#
#.###.###.###.....
#.##...##.........
#.#.......#.......


You could see a two-headed ogre (extremely poisoned) and an orc warrior.

Vanquished Creatures
  Eustachio (D:4)
  Duvessa (D:4)
  A phantom (D:4)
  Blork the orc (D:4)
  3 scorpions (D:5)
  Dowan (D:4)
  A howler monkey (D:4)
  Crazy Yiuf (D:4)
  A jelly (D:4)
  An orc priest (D:5)
  Natasha (thrice) (D:3)
  An orc wizard (D:5)
  Robin (D:4)
  3 adders
  An ufetubus (D:4)
  An adder skeleton (D:4)
  A worm (D:3)
  5 dart slugs
  11 orcs
  8 ball pythons
  6 endoplasms
  4 giant cockroaches
  11 goblins
  10 hobgoblins
  5 quokkas
  5 bats
  5 frilled lizards
  9 kobolds
  6 rats
108 creatures vanquished.

Notes
Turn   | Place    | Note
-------+----------+-------------------------------------------
     0 | D:1      | zeram the Troll Fighter began the quest for the Orb.
     0 | D:1      | Reached XP level 1. HP: 22/22 MP: 0/0
    44 | D:1      | Reached skill level 2 in Maces & Flails
    81 | D:1      | Reached XP level 2. HP: 25/29 MP: 1/1
    87 | D:1      | Found Gameip's Distillery.
   770 | D:2      | Reached XP level 3. HP: 35/36 MP: 2/2
  1024 | D:2      | Found an opulent altar of Gozag.
  1036 | D:2      | Became a worshipper of Gozag Ym Sagoz the Greedy
  1079 | D:2      | Reached skill level 3 in Maces & Flails
  1729 | D:3      | Reached XP level 4. HP: 44/44 MP: 3/3
  1952 | D:3      | Noticed Natasha
  1987 | D:3      | Killed Natasha
  2050 | D:3      | Noticed Natasha
  2056 | D:3      | Killed Natasha
  2057 | D:3      | Reached XP level 5. HP: 50/50 MP: 4/4
  2095 | D:3      | Noticed Natasha
  2101 | D:3      | Killed Natasha
  2102 | D:3      | Reached skill level 4 in Maces & Flails
  2196 | D:4      | Noticed a phantom
  2200 | D:4      | Noticed Robin
  2204 | D:4      | Found a runed translucent door.
  2204 | D:4      | Noticed Crazy Yiuf
  2207 | D:4      | Gained mutation: You sometimes lose the ability to read
                  | scrolls when taking damage. [potion of mutation]
  2207 | D:4      | Gained mutation: Your spells are a little harder to cast,
                  | but a little more powerful. [potion of mutation]
  2207 | D:4      | Gained mutation: You are covered in thick fur. (AC +2)
                  | [potion of mutation]
  2213 | D:4      | Killed a phantom
  2218 | D:4      | Killed Robin
  2222 | D:4      | Reached XP level 6. HP: 29/59 MP: 5/5
  2330 | D:4      | Noticed Blork the orc
  2337 | D:4      | Killed Blork the orc
  2338 | D:4      | Reached skill level 5 in Maces & Flails
  2669 | D:4      | Found a bloodstained altar of Trog.
  2973 | D:4      | Killed Crazy Yiuf
  3043 | D:5      | Entered Level 5 of the Dungeon
  3162 | D:5      | Reached XP level 7. HP: 58/66 MP: 6/6
  3184 | D:5      | Noticed Duvessa
  3185 | D:5      | Noticed Dowan
  3187 | D:5      | Noticed Eustachio
  3201 | D:4      | Killed Duvessa
  3202 | D:4      | Reached skill level 6 in Maces & Flails
  3229 | D:4      | Killed Dowan
  3281 | D:4      | Killed Eustachio
  3282 | D:4      | Reached skill level 5 in Dodging
  3381 | D:5      | Reached skill level 7 in Maces & Flails
  3381 | D:5      | Reached XP level 8. HP: 73/74 MP: 7/7
  3816 | D:5      | Noticed a two-headed ogre
  3844 | D:5      | HP: 4/111 [two-headed ogre (14)]
  3847 | D:5      | Slain by a two-headed ogre

Illustrated notes

Levels and vault maps discovered:
D:1:      tarquinn_simple_flora_water_d, layout_basic, serial_shops, shop
D:2:      layout_rooms, basic_altar, nrook_mini_vaults
D:3:      wander_river, layout_rooms, roderic_three_in_a_row,
          minmay_misc_feat_enclosed, wad_rectangle_vault, uniq_natasha
D:4:      layout_loops_ring, lemuel_round_altar, uniq_crazy_yiuf_cottage,
          uniq_blork_the_orc, uniq_robin
D:5:      layout_loops_ring, minmay_small_thing, uniq_duvessa, uniq_eustachio

Skill      XL: |  1  2  3  4  5  6  7 |
---------------+----------------------+-----
Maces & Flails | 2 3 4 5 7 |  7.0
Dodging        | 3 4 5 |  5.1
Fighting       | |  2.4
Shields        | |  2.4

Action                   |  1- 3 |  4- 6 |  7- 9 || total
-------------------------+-------+-------+-------++-------
Melee: Flail             |   176 |   152 |    63 ||   391
  Use: Scroll            |     4 |     5 |       ||     9
       Potion            |       |     7 |     1 ||     8
 Stab: Sleeping          |     1 |       |       ||     1
       Distracted        |       |     1 |       ||     1
Armor: Robe              |    92 |    46 |    39 ||   177
       Skin              |       |       |     1 ||     1
Dodge: Dodged            |    78 |    52 |    23 ||   153
Block: Kite shield       |   101 |    69 |    53 ||   223
